 Dungeon Crawl Stone Soup version 0.29-a0-23-ga79f92ac9c (webtiles) character file.

Game seed: 5360617863103945728

6101 bjtr the Ogre Mage (level 10, 0/104 (106) HPs)
             Began as an Ogre Fire Elementalist on Jan 31, 2022.
             Was a Believer of Vehumet.
             Slain by a starcursed mass (7 damage)
             ... on level 1 of the Abyss.
             The game lasted 00:53:03 (14519 turns).

bjtr the Ogre Mage (Ogre Fire Elementalist)        Turns: 14519, Time: 00:53:06

HP:   0/104 (106)   AC: 10    Str: 14      XL:     10   Next: 88%
MP:   23/23         EV: 10    Int: 23 (26) God:    Vehumet [**....]
Gold: 503           SH:  0    Dex:  9      Spells: 18/28 levels left

rFire   + . .      SeeInvis .   h - +0 giant club
rCold   + . .      Faith    .   (shield currently unavailable)
rNeg    . . .      Spirit   .   E - +3 robe "Heaton" {rElec rPois}
rPois   +          Reflect  .   (helmet restricted)
rElec   +          Harm     .   I - scarf {rC+ rF+}
rCorr   .          Rampage  .   (gloves unavailable)
Will    +....                   (boots unavailable)
Stlth   +.........              (no amulet)
HPRegen 0.27/turn               l - +6 ring of intelligence
MPRegen 0.18/turn               C - +4 ring of protection

@: confused, ambrosia-drunk, lightly drained
A: large, unfitting armour, tough skin 1
a: Renounce Religion


You were on level 1 of the Abyss.
You worshipped Vehumet.
Vehumet was pleased with you.
You visited 2 branches of the dungeon, and saw 10 of its levels.
You visited the Abyss 1 time.

You collected 503 gold pieces.

Inventory:

Hand Weapons
 f - a +0 short sword
 h - a +0 giant club (weapon)
 i - a +0 war axe
 n - a +0 hunting sling
 o - a +0 battleaxe
 u - a +0 long sword
 x - a +0 short sword of draining
 B - a +1 whip of freezing
 M - a +0 arbalest
 P - a +0 morningstar
 V - a +0 hand crossbow
Missiles
 a - 33 poisoned darts (quivered)
 e - 346 stones
 m - 73 sling bullets
 q - 124 bolts
 H - 4 curare-tipped darts
 K - 11 boomerangs
Armour
 E - the +3 robe "Heaton" (worn) {rElec rPois}
   (You found it on level 5 of the Dungeon)

   rElec:     It insulates you from electricity.
   rPois:     It protects you from poison.
 I - a scarf of resistance (worn)
 Q - +0 steam dragon scales
 T - a +0 troll leather armour
Magical Staves
 s - a staff of cold
 L - a staff of death
Jewellery
 l - a +6 ring of intelligence (left hand)
 p - a ring of willpower
 C - a +4 ring of protection (right hand)
 J - a ring of ice
Wands
 y - a wand of polymorph (24)
 F - a wand of flame (2)
 R - a wand of mindburst (14)
Scrolls
 b - 3 scrolls of enchant weapon
 r - a scroll of fog
 t - a scroll of holy word
 v - 2 scrolls of immolation
 D - a scroll of enchant armour
 G - a scroll of vulnerability
Potions
 c - 2 potions of might
 k - 2 potions of attraction
 w - 5 potions of curing
 z - a potion of mutation
 A - 2 potions of berserk rage
 U - a potion of lignification


   Skills:
 + Level 8.6 Fighting
 * Level 6.3 Maces & Flails
 + Level 4.2 Dodging
 - Level 1.4 Stealth
 - Level 9.5 Spellcasting
 * Level 3.4 Conjurations
 + Level 7.7 Fire Magic


You had 18 spell levels left.
You knew the following spells:

 Your Spells              Type           Power      Damage    Failure   Level
a - Foxfire               Conj/Fire      100%       2x1d9     1%          1
b - Scorch                Fire           92%        2d9       1%          2
c - Conjure Flame         Conj/Fire      36%        6-21      1%          3
d - Flame Wave            Conj/Fire      36%        2d9       6%          4

Your spell library contained the following spells:

 Spells                   Type           Power      Damage    Failure   Level
 Sandblast                Erth           20%        2d7       6%          1
 Inner Flame              Hex/Fire       28%        N/A       3%          3
 Animate Skeleton         Necr           20%        N/A       6%          1
 Pain                     Necr           40%        1d6       6%          1
 Summon Guardian Golem    Hex/Summ       10%        N/A       19%         3
 Vampiric Draining        Necr           10%        2d6       19%         3
 Summon Cactus Giant      Summ           5%         N/A       100%        6
 Orb of Destruction       Conj           13%        9d7       100%        7
 Spellforged Servitor     Conj/Summ      9%         N/A       100%        7


Dungeon Overview and Level Annotations

Branches:
Dungeon (9/15)             Temple (1/1) D:5
   Lair: D:8-11         Orc: D:9-12

Altars:
Ashenzari
Cheibriados
Dithmenos
Fedhas
Gozag
Hepliaklqana
Kikubaaqudgha
Makhleb
Nemelex Xobeh
Okawaru
Qazlal
Ru
Trog
Uskayaw
Vehumet
Wu Jian
Xom
Yredelemnul
Zin
The Shining One

Shops:
D:9 *

Annotations:
D:3 1 runed translucent door, Theoretic's ghost, amateur OpTm
D:9 Erolcha; Maurice


Innate Abilities, Weirdness & Mutations

You are too large for most types of armour.
You have tough skin. (AC +1)


Message History

You assume a fearsome visage.
The orange demon looks frightened!
The apocalypse crab looks frightened!
Unknown command.
Unknown command.
You are suddenly pulled into a different region of the Abyss!
A black draconian knight comes into view.
It is wielding a +0 broad axe.
The black draconian knight roars!
The black draconian knight breathes lightning at you.
The bolt of lightning misses you.
The black draconian knight gestures at you while chanting.
The bolt of cold hits you!! You resist.
* * * LOW HITPOINT WARNING * * *
As you read the scroll of fear, it crumbles to dust.
You assume a fearsome visage.
The black draconian knight looks frightened!
The black draconian knight mumbles some strange words.
The black draconian knight flickers and vanishes!
Deactivating autopickup; reactivate with Ctrl-A.
A neqoxec comes into view.
The neqoxec shouts!
The neqoxec gestures at you.
You feel dopey. Something feeds on your intellect!
A small abomination comes into view.
A starcursed mass comes into view.
The starcursed mass shrieks in your mind.
* * * LOW HITPOINT WARNING * * *
A thrashing horror comes into view.
A starcursed mass splits.
The thrashing horror tramples you!
* * * LOW HITPOINT WARNING * * *
You hold your ground!
The thrashing horror tramples you but does no damage.
You are confused.
You feel invigorated.
The thrashing horror roars!
The thrashing horror barely misses you.
The thrashing horror tramples you but does no damage.
The starcursed mass touches you!
You die...

.. ......... ..
#.. #.. # .# ..
#.. #.. #..##..#
...... ...... . .#
.............. ..#
#.# ##. #. ##. ..
####.##.#3... ##
#.##..##....####.#
#X@X#....#.# .#
#.###X###..## .#
#. ..#.##### ## ..
#.. ..# .# ..# #..
# .## #.. # ... ##


You could see 2 starcursed masses and a thrashing horror.

Vanquished Creatures
  A boulder beetle (D:6)
  2 large abominations (Abyss:1)
  Maggie (D:7)
  An efreet (Abyss:1)
  An ancient zyme (Abyss:1)
  A troll (D:9)
  A wraith (D:6)
  6 yaks (D:9)
  3 steam dragons
  An acid dragon (D:6)
  Duvessa (D:4)
  3 orc warriors
  3 hell hounds (Abyss:1)
  A hornet zombie (D:6)
  2 black bears
  3 centaurs
  2 ogres
  A phantom (D:6)
  6 kobold brigands
  A gnoll sergeant (D:9)
  3 scorpions
  Dowan (D:4)
  15 killer bees
  A wight (Abyss:1)
  A centaur zombie (D:6)
  3 orc priests
  3 hounds (D:5)
  2 jellies
  4 gnoll shamans
  2 bullfrog skeletons
  A centaur skeleton (D:4)
  2 iguanas (D:6)
  5 orc wizards
  24 gnolls
  A howler monkey zombie (D:8)
  4 adders
  2 ufetubi
  An adder skeleton (D:4)
  A worm (D:2)
  3 dart slugs
  14 orcs
  7 ball pythons
  3 bats
  5 endoplasms
  4 giant cockroaches
  6 goblins
  6 hobgoblins
  4 jackals
  31 kobolds
  2 quokkas
  2 frilled lizards
  A jackal skeleton (D:4)
  7 rats
212 creatures vanquished.

Vanquished Creatures (others)
  224 foxfires
  A plant (D:1)
225 creatures vanquished.

Grand Total: 437 creatures vanquished

Notes
Turn   | Place    | Note
-------+----------+-------------------------------------------
     0 | D:1      | bjtr the Ogre Fire Elementalist began the quest for the
                  | Orb.
     0 | D:1      | Reached XP level 1. HP: 16/16 MP: 3/3
   190 | D:1      | Reached skill level 1 in Conjurations
   261 | D:1      | Reached XP level 2. HP: 26/26 MP: 1/5
   264 | D:1      | Learned a level 2 spell: Scorch
   309 | D:1      | Found a faded altar of an unknown god.
   377 | D:1      | Reached skill level 1 in Fighting
   722 | D:1      | Reached skill level 3 in Spellcasting
   960 | D:1      | Reached XP level 3. HP: 14/35 MP: 0/7
  1310 | D:2      | Noticed an ogre
  1579 | D:1      | Killed an ogre
  1580 | D:1      | Reached XP level 4. HP: 34/44 MP: 1/9
  1929 | D:2      | Reached XP level 5. HP: 52/52 MP: 7/10
  2671 | D:3      | Learned a level 3 spell: Conjure Flame
  2676 | D:3      | Learned a level 4 spell: Flame Wave
  2736 | D:3      | Reached skill level 4 in Spellcasting
  2949 | D:3      | Found a runed translucent door.
  2949 | D:3      | Noticed Theoretic's ghost (amateur OpTm)
  2987 | D:3      | Found a blossoming altar of Fedhas.
  3606 | D:4      | Reached skill level 1 in Maces & Flails
  3675 | D:4      | Reached XP level 6. HP: 61/61 MP: 7/13
  4019 | D:4      | Noticed Duvessa
  4020 | D:4      | Noticed Dowan
  4295 | D:4      | Noticed a black bear
  4299 | D:4      | Killed a black bear
  4300 | D:4      | Reached skill level 5 in Spellcasting
  4578 | D:4      | Killed Dowan
  4581 | D:4      | Killed Duvessa
  4582 | D:4      | Reached XP level 7. HP: 60/70 MP: 4/15
  4898 | D:4      | Found a bloodstained altar of Trog.
  4898 | D:4      | Found an iron altar of Okawaru.
  5157 | D:5      | Entered Level 5 of the Dungeon
  5641 | D:5      | Found a staircase to the Ecumenical Temple.
  5650 | Temple   | Entered the Ecumenical Temple
  5987 | D:5      | Reached skill level 5 in Fighting
  6022 | D:5      | Identified the +3 robe "Heaton" {rElec rPois}
  6075 | D:5      | Reached skill level 6 in Spellcasting
  6358 | D:6      | Reached XP level 8. HP: 80/80 MP: 10/17
  6860 | D:6      | Found a radiant altar of Vehumet.
  6872 | D:6      | Became a worshipper of Vehumet
  6896 | D:6      | Reached skill level 5 in Fire Magic
  8095 | D:6      | Reached skill level 7 in Spellcasting
  8575 | D:6      | Reached XP level 9. HP: 89/89 MP: 14/20
  8624 | D:6      | Noticed a boulder beetle
  8646 | D:6      | Killed a boulder beetle
  8647 | D:6      | Reached skill level 8 in Spellcasting
  9569 | D:7      | Reached * piety under Vehumet
  9569 | D:7      | Offered knowledge of Magic Dart by Vehumet.
  9772 | D:7      | Reached skill level 5 in Maces & Flails
  9855 | D:7      | Noticed Maggie
  9867 | D:7      | Killed Maggie
  9868 | D:7      | Reached XP level 10. HP: 61/102 MP: 7/22
 10102 | D:7      | Found a shadowy altar of Dithmenos.
 11019 | D:8      | Found a snail-covered altar of Cheibriados.
 11055 | D:8      | Reached skill level 9 in Spellcasting
 12522 | D:9      | Reached ** piety under Vehumet
 12522 | D:9      | Offered knowledge of Sandblast by Vehumet.
 13284 | D:9      | Found Tattu's Island Escapes.
 13290 | D:9      | Found a hazy altar of Hepliaklqana.
 13309 | D:9      | Noticed Maurice
 13750 | D:9      | Noticed Erolcha
 13758 | D:9      | Cast into level 1 of the Abyss (Erolcha)
 13810 | Abyss:1  | Noticed a large abomination
 13816 | Abyss:1  | Killed a large abomination
 13903 | Abyss:1  | Noticed a deep elf sorcerer
 13908 | Abyss:1  | Noticed a wretched star
 14179 | Abyss:1  | Noticed a wretched star
 14258 | Abyss:1  | Noticed a thrashing horror
 14324 | Abyss:1  | Noticed a large abomination
 14358 | Abyss:1  | HP: 3/104 [large abomination (25)]
 14364 | Abyss:1  | Killed a large abomination
 14434 | Abyss:1  | Noticed an apocalypse crab
 14447 | Abyss:1  | Noticed an orange demon
 14451 | Abyss:1  | Noticed a wretched star
 14470 | Abyss:1  | Noticed a black draconian knight
 14474 | Abyss:1  | HP: 5/104 [black draconian knight/bolt of cold (20)]
 14514 | Abyss:1  | Noticed a starcursed mass
 14517 | Abyss:1  | Noticed a thrashing horror
 14518 | Abyss:1  | HP: 3/104 [thrashing horror (9)]
 14519 | Abyss:1  | Slain by a starcursed mass

Illustrated notes

Levels and vault maps discovered:
D:1:      tarquinn_simple_flora_water_a, layout_basic,
          chequers_ecumenical_altar_lobes
D:2:      layout_loops_ring, minmay_misc_feat_encased, minmay_distorted
D:3:      layout_basic, fedhas_ov_isle_minmay, serial_glass, glass_columns_a,
          glass_columns_a, glass_columns_b, glass_columns_a, glass_columns_b,
          glass_columns_b, hellmonk_ghost_happy_afterlife
D:4:      layout_gridville, grunt_temple_overflow_bloody_war, uniq_duvessa
D:5:      layout_loops_ring, minmay_temple_entry_glass, grunt_ministairs_14
D:6:      minmay_cornered_nines, layout_loops_ring, vehumet_altar_wand_db,
          kennysheep_generic_room_4
D:7:      layout_gridville, nicolae_dithmenos_through_a_glass_darkly,
          minmay_misc_feat_columns, uniq_maggie
D:8:      layout_cave_pods, amcnicky_altar_gilded
D:9:      layout_cave_pools, mainiacjoe_overflow_tiny_flanked,
          nicolae_island_escapes, uniq_maurice, uniq_erolcha
Temple:   dshaligram_water_room_temple
Abyss:1:  base:
D:4

Skill      XL: |  1  2  3  4  5  6  7  8  9 10 |
---------------+-------------------------------+-----
Conjurations   | 1 2 3 |  3.4
Fighting       | 1 2 3 4 5 6 7 8 |  8.6
Spellcasting   | 3 4 5 6 7 8 9 |  9.5
Fire Magic     | 3 4 5 6 7 |  7.7
Dodging        | 2 3 4 |  4.2
Maces & Flails | 1 2 4 5 6 |  6.3
Stealth        | |  1.4

Action                   |  1- 3 |  4- 6 |  7- 9 | 10-12 || total
-------------------------+-------+-------+-------+-------++-------
Melee: Short sword       |    15 |       |       |       ||    15
       Punch             |     1 |       |       |       ||     1
       Giant club        |       |    20 |    84 |    70 ||   174
Throw: Dart              |       |       |     5 |       ||     5
 Cast: Foxfire           |    29 |    22 |    36 |    43 ||   130
       Scorch            |    13 |    56 |    98 |    71 ||   238
       Conjure Flame     |       |       |     8 |       ||     8
       Flame Wave        |       |       |     5 |     8 ||    13
Evoke: Wand              |       |       |     2 |     9 ||    11
  Use: Potion            |     1 |       |     1 |     3 ||     5
       Scroll            |       |       |     1 |    23 ||    24
 Stab: Sleeping          |       |     1 |     1 |       ||     2
Armor: Robe              |    11 |     7 |    68 |    98 ||   184
Dodge: Dodged            |    22 |    17 |   106 |   115 ||   260

Table legend: (Time is in decaauts)
 A = Elapsed time spent in this place.
 B = Non-inter-level travel time spent in this place.
 C = Inter-level travel time spent in this place.
 D = Time resting spent in this place.
 E = Time spent auto-exploring this place.
 F = Levels seen in this place.
 G = Mean time per level.
                   A        B        C        D        E       F      G
               +--------+--------+--------+--------+--------+-----+--------+
         Total |  14651 |  14109 |    542 |   6122 |   5834 |  11 | 1331.9 |
       Dungeon |  13777 |  13235 |    542 |   5617 |   5774 |   9 | 1530.8 |
        Temple |     98 |     98 |      0 |      0 |     60 |   1 |   98.0 |
         Abyss |    774 |    774 |      0 |    504 |      0 |   1 |  774.0 |
               +--------+--------+--------+--------+--------+-----+--------+

Top non-repeatable levels by time:
     D:6: 2461 daAuts
     D:8: 2080 daAuts
     D:5: 1614 daAuts
     D:1: 1593 daAuts
     D:7: 1560 daAuts
     D:4: 1531 daAuts
     D:3: 1214 daAuts
     D:2: 1033 daAuts
 Abyss:1: 774 daAuts
     D:9: 688 daAuts
  Temple: 98 daAuts
